 Dungeon Crawl Stone Soup version 0.31.0-11-ge490571c62 (webtiles) character file.

Game seed: 9104361349188130494

28 Gadfly the Trooper (level 3, 27/29 HPs)
             Began as a Demonspawn Monk on Feb 5, 2024.
             Quit the game on level 2 of the Dungeon.
             The game lasted 00:01:15 (786 turns).

Gadfly the Trooper (Demonspawn Monk)                 Turns: 786, Time: 00:01:16

Health: 27/29      AC:  2    Str: 13    XL:     3   Next: 0%
Magic:  3/3        EV: 13    Int: 10    God:
Gold:   723        SH:  0    Dex: 15    Spells: 2/2 levels left

rFire   . .          .
                       - Unarmed
rCold   . . .        c - orb {light}
rNeg    + . .        a - +0 robe
rPois   .            (no helmet)
rElec   .            (no cloak)
rCorr   .            (no gloves)
SInv    .            (no boots)
Will    .....        (no amulet)
Stlth   +            g - ring of positive energy
HPRegen 0.24/turn    (no ring)
MPRegen 0.08/turn

%: no passive effects
@: glowing
A: demonic magic 1, weakness stinger 1
a: no special abilities


You were on level 2 of the Dungeon.
You visited 1 branch of the dungeon, and saw 2 of its levels.

You collected 723 gold pieces.

Inventory:

Armour
 a - a +0 robe (worn)
 c - an orb of light (worn)
Jewellery
 g - a ring of positive energy (left hand)
Scrolls
 f - a scroll of poison
 j - a scroll of vulnerability
Potions
 b - a potion of ambrosia
 d - a potion of heal wounds {unknown}
 h - a potion of brilliance {unknown}
 i - a potion of might {unknown}


   Skills:
 - Level 3.0 Fighting
 + Level 2.9 Dodging
 * Level 3.0 Unarmed Combat
 * Level 1.2 Evocations
 * Level 1.0 Shapeshifting


You had 2 spell levels left.
You didn't know any spells.
Your spell library contained the following spells:

 Spells                   Type           Power      Damage    Failure   Level
 Freeze                   Ice            0%         1d3       36%         1


Dungeon Overview and Level Annotations

Branches:
Dungeon (2/15)

Altars:

Shops:
D:1 (


Innate Abilities, Weirdness & Mutations

Spells you cast may paralyse adjacent enemies.
You have a small tail.


Message History

You are caught in a web!
You are caught in a web!
You are caught in a web!
You are caught in a web!
You are caught in a web!
You are caught in a web!
You are caught in a web!
You are caught in a web!
You are caught in a web!
You are caught in a web!
You are caught in a web!
You are caught in a web!
You are caught in a web!
You are caught in a web!
You are caught in a web!
You are caught in a web!
The web tears apart.
You hit the ribbon worm.
The ribbon worm is almost dead.
The ribbon worm barely misses you.
You hit the ribbon worm.
The ribbon worm is almost dead.
The dart slug briefly extends its eye-stalks.
The ribbon worm closely misses you.
You hit the ribbon worm but do no damage.
The ribbon worm is almost dead.
The ribbon worm expels a string of sticky webbing.
The stream of webbing hits you but does no damage.
You are caught in a web!
The web tears apart.
You hit the ribbon worm. You tail-slap the ribbon worm.
You kill the ribbon worm!
The dart slug launches a dart at you. The slug dart misses you.
You have reached level 3!
Your experience leads to an increase in your attributes!
Increase (S)trength, (I)ntelligence, or (D)exterity?
You feel stronger. x2; Your demonic ancestry asserts itself...
A menacing aura infuses your magic.
Are you sure you want to abandon this character and quit the game? (Confirm with "yes".)

..#.##.# ....##.#
.......###########
##.##............#
#.###.#########.#
#.# #.# #.# #.#
#.# #.# #.# #.#
#.# #### #.# #.#
#@# #...### #. #.#
#.###....... ...
#######w##.......#
#.......#.........
..####............
#.###........ #.
#.......# #.
#......## #.
..#...##


You could see a dart slug.

Vanquished Creatures
  A ribbon worm (D:2)
  4 ball pythons
  A bat (D:1)
  3 endoplasms
  A giant cockroach (D:1)
  3 goblins (D:1)
  2 hobgoblins (D:1)
  4 jackals (D:1)
  A kobold (D:1)
  A rat (D:1)
21 creatures vanquished.

Notes
Turn   | Place    | Note
-------+----------+-------------------------------------------
     0 | D:1      | Gadfly the Demonspawn Monk began the quest for the Orb.
     0 | D:1      | Reached XP level 1. HP: 18/18 MP: 1/1
    24 | D:1      | Found Xaugis's Antique Weapon Emporium.
   150 | D:1      | Found a faded altar of an unknown god.
   155 | D:1      | Got Plato's Folio of Refrigeration
   268 | D:1      | Gained mutation: You have a small tail. [demonic ancestry]
   268 | D:1      | Reached XP level 2. HP: 11/24 MP: 2/2
   446 | D:1      | Reached skill level 1 in Evocations
   622 | D:1      | Identified a scroll of acquirement
   622 | D:1      | Acquired 663 gold pieces
   727 | D:2      | Reached skill level 1 in Shapeshifting
   786 | D:2      | Gained mutation: Spells you cast may paralyse adjacent
                  | enemies. [demonic ancestry]
   786 | D:2      | Reached XP level 3. HP: 27/29 MP: 3/3
   786 | D:2      | Quit the game

Illustrated notes

Levels and vault maps discovered:
D:1:      erik_arrival_orb_chamber, layout_basic,
          shapermc_ecumenical_altar_rom_forum, serial_shops, shop
D:2:      layout_loops_ring, uniq_sigmund

Skill      XL: |  1  2 |
---------------+-------+-----
Evocations     | 1 |  1.2
Unarmed Combat | 3 |  3.0
Shapeshifting  | 1 |  1.0
Fighting       | |  3.0
Dodging        | |  2.9

Action                     || total
---------------------------++-------
  Melee: Unarmed           ||    62
         Tailslap          ||    10
    Use: Scroll            ||     3
 Armour: Robe              ||    26
  Dodge: Dodged            ||    46
